[Event "81st Italian Championship 2022"]
[Site "Cagliari"]
[Date "2022.11.21"]
[Round "9.3"]
[White "David, Alberto"]
[Black "Carnicelli, Valerio"]
[Result "1/2-1/2"]
[ECO "B31"]
[WhiteElo "2517"]
[BlackElo "2325"]
[Annotator "TA"]
[PlyCount "142"]
[EventDate "2022.11.12"]
[EventType "tourn"]
[EventCountry "ITA"]
[SourceTitle "playchess.com"]
[Source "ChessBase"]
[SourceQuality "1"]
[TimeControl "40/6000+30:20/3000:900+30"]

1. e4 c5 2. Nf3 Nc6 3. Bb5 g6 4. O-O Bg7 5. d3 e5 6. Bxc6 dxc6 7. a4 {[%emt 0:03:14] B31: Sicilian: 2...Nc6 3 Bb5 g6.} Qc7 8. Be3 b6 9. Na3 {[%emt 0:01:52] [#] White is slightly better.} Nf6 $146 ({Predecessor:} 9... f6 10. c3 Be6 11. Qc2 Nh6 12. h3 O-O 13. Rae1 Rfd8 14. d4 cxd4 15. cxd4 Rac8 16. dxe5 fxe5 {½-½ (54) Gude,M (1773)-Mathisen,R (1945) Bad Homburg 2014}) 10. Nc4 Nd7 11. Qc1 O-O 12. Bh6 Re8 13. Kh1 Nf8 14. Bxg7 Kxg7 15. Ng1 Ne6 16. Ne2 Ba6 17. b3 Rad8 18. Ne3 Bc8 19. Qb2 Nd4 20. Rae1 f6 21. Nc1 Qb8 22. f3 Qd6 23. Rf2 Ne6 24. Ne2 {[%emt 0:01:21] Inhibits Qd4.} Nd4 25. Ref1 Nxe2 26. Rxe2 Qd4 27. Qc1 Be6 28. Qe1 b5 29. axb5 cxb5 30. Qa5 c4 31. dxc4 bxc4 32. bxc4 Bxc4 33. Nxc4 Qxc4 34. Qxa7+ Kg8 35. Qe3 Rd4 36. h3 Red8 37. Kh2 Kg7 38. Ra1 R8d7 39. Rf2 Qc7 40. Qb3 (40. Ra8 {feels hotter.} Qc5 41. Rd2 Qc7 42. Re2) 40... Qb7 41. Qe3 (41. Ra4 $14) 41... Qc6 42. Ra5 g5 43. Qa3 h5 44. Ra6 Qc4 45. Ra8 {[%emt 0:00:00] And now Qf8+ would win.} (45. c3 {keeps more tension.} Rd1 46. Ra8 Rf7 47. Rb8) 45... R4d6 46. Ra7 Rd1 47. Rxd7+ Rxd7 $11 {[%emt 0:00:00][%mdl 4096] Endgame KQR-KQR} 48. Qe3 Qd4 49. Qxd4 Rxd4 {[%emt 0:00:00] KR-KR} 50. Re2 (50. c3 $5 Rc4 51. Rc2 $14) 50... Rd1 51. Kg3 Rf1 52. h4 Kg6 (52... gxh4+ $11 53. Kxh4 Kg6) 53. Rd2 (53. hxg5 $1 $14 Kxg5 54. Re3) 53... gxh4+ 54. Kxh4 Rh1+ 55. Kg3 Rf1 56. Rd7 Rc1 57. Rc7 Kg5 58. c4 (58. Rc8 $16) 58... h4+ (58... f5 $1 $11 {remains equal.}) 59. Kh2 $16 {[%emt 0:00:00] White is more active.} Kf4 $2 (59... f5 $16 {is tougher.}) 60. Rc6 $2 (60. Rg7 $1 $18 {and the rest is easy.} h3 61. Rg4+ (61. gxh3 Rc2+ 62. Rg2 Rxc4 $11) 61... Ke3 62. Kxh3 (62. gxh3 Kxf3 63. Rg6 Kxe4 $11)) 60... Kg5 61. c5 (61. Rc8 $1 $18 {is the precise move to win.}) 61... f5 {[%emt 0:06:02] [#]} 62. exf5 $1 Kxf5 {[%emt 0:02:34] [#]} 63. Rc8 $1 e4 64. fxe4+ ({White should play} 64. Rf8+ $16 Kg5 65. fxe4) 64... Kxe4 $11 {[%emt 0:00:02] The position is equal.} 65. c6 Kd5 66. Rd8+ Ke5 67. Re8+ Kd5 68. Kh3 Rh1+ $1 69. Kg4 {[%emt 0:00:05] c7 would kill now.} Kxc6 70. Rh8 Rh2 71. Rxh4 Rxg2+ {[%emt 0:00:03] Black defended with fortune.   Weighted Error Value: White=0.24 (precise) /Black=0.23 (precise)} 1/2-1/2

[Event "81st Italian Championship 2022"]
[Site "Cagliari"]
[Date "2022.11.21"]
[Round "9.4"]
[White "Sonis, Francesco"]
[Black "Lettieri, Giuseppe"]
[Result "1-0"]
[ECO "D87"]
[WhiteElo "2547"]
[BlackElo "2427"]
[Annotator "TA"]
[PlyCount "79"]
[EventDate "2022.11.12"]
[EventType "tourn"]
[EventCountry "ITA"]
[SourceTitle "playchess.com"]
[Source "ChessBase"]
[SourceQuality "1"]
[TimeControl "40/6000+30:20/3000:900+30"]

1. d4 Nf6 2. c4 g6 3. Nc3 d5 4. cxd5 Nxd5 5. e4 Nxc3 6. bxc3 Bg7 7. Bc4 c5 8. Ne2 Nc6 9. Be3 O-O 10. O-O b6 11. Qd2 {[%emt 0:01:24] 11.h4 is a critical line. D87: Exchange Grünfeld: Classical Line: Variations without ...cxd4.} ({White should try} 11. dxc5 $14 Ne5 12. Qxd8 Rxd8 13. Bd5) 11... Bb7 $11 12. Rfd1 cxd4 13. cxd4 {[%emt 0:00:10] The position is equal.} Na5 14. Bd3 Rc8 15. Rac1 e6 16. h4 Qd7 17. h5 Rxc1 18. Rxc1 Rc8 19. h6 {[%emt 0:00:14] [#]} Bf8 $146 ({Predecessor:} 19... Rxc1+ 20. Qxc1 Bf8 21. Qb2 Qc6 22. Bf4 Nc4 23. Qb3 b5 24. Qc3 a6 25. f3 Nb6 {0-1 (57) Samadov,R (2375)-Padmini,R (2345) Chess.com INT 2022}) 20. Bg5 Rxc1+ 21. Qxc1 Nc6 22. Bf6 $1 e5 23. d5 {[%emt 0:01:41] Black must now prevent Bb5.} Nb4 24. Bb1 {[%emt 0:00:22] White wants to play Ng3.} Qd6 (24... Nxd5 $1 $11 25. exd5 Qxd5) 25. Qg5 $16 Bxh6 26. Bxe5 Qf8 (26... Qxd5 $2 27. Qf6 Qxe5 28. Qxe5 $18) 27. Qg3 {[%emt 0:01:56] Threatens to win with Bd6. White is more active.} Qe8 {[%emt 0:04:04] [#] Loses the game.} (27... Na6 $16) 28. Bb2 $1 $18 {[%emt 0:07:45] aiming for Qc3.} Nxd5 {[%emt 0:05:02] [#]} 29. Qd3 $1 $40 {[%emt 0:00:16][%mdl 128] White wants a kill.} Bg7 (29... Nf4 $2 30. Nxf4 Bxf4 31. Qd4 $18) 30. Bxg7 Kxg7 31. exd5 Bxd5 32. Qd4+ Kg8 33. Nc3 Qe1+ 34. Kh2 Bc6 (34... Be6 {was worth a try.} 35. Bd3 Qa1) 35. Be4 Bxe4 36. Nxe4 {[%emt 0:00:05] Strongly threatening Qd8+.} f5 $2 (36... Qe2 $18 37. Nf6+ Kg7) 37. Qd8+ Kg7 38. Qf6+ Kh6 39. Ng3 Qxf2 40. Qh4+ $2 {[%emt 0:00:04] Weighted Error Value: White=0.05 (flawless) /Black=0.44} (40. Qf8+ $18 {has better winning chances.} Kg5 41. Ne4+ fxe4 42. Qxf2) 1-0

[Event "81st Italian Championship 2022"]
[Site "Cagliari"]
[Date "2022.11.21"]
[Round "9.5"]
[White "Di Benedetto, Edoardo"]
[Black "Moroni, Luca Jr"]
[Result "0-1"]
[ECO "D12"]
[WhiteElo "2378"]
[BlackElo "2559"]
[Annotator "TA"]
[PlyCount "104"]
[EventDate "2022.11.12"]
[EventType "tourn"]
[EventCountry "ITA"]
[SourceTitle "playchess.com"]
[Source "ChessBase"]
[SourceQuality "1"]
[TimeControl "40/6000+30:20/3000:900+30"]

1. a3 d5 2. e3 Nf6 3. Nf3 Bf5 4. c4 e6 5. Nc3 c6 6. d4 Nbd7 7. Bd3 {[%emt 0:01:25] D12: Slav Defence: 3 Nf3 Nf6 4 e3 Bf5.} Bg6 8. Qe2 Ne4 {[%emt 0:07:22] [#]} 9. Bxe4 $146 {[%emt 0:06:16] The position is equal.} ({Predecessor:} 9. Nd2 f5 10. O-O Bd6 11. f3 Nxd2 12. Bxd2 O-O 13. b4 Qf6 14. c5 Bc7 15. f4 {1-0 (32) Vivekananthan,A (2305)-Lu,M (2140) Charlotte 2020}) 9... dxe4 10. Nd2 Nf6 11. f3 exf3 12. Nxf3 Ne4 13. Nxe4 Bxe4 14. Bd2 Bd6 15. O-O O-O 16. Bb4 c5 17. dxc5 Be7 {[%emt 0:00:09] White must now prevent ...Bd3. A strong pair of Bishops.} 18. Rfd1 {[%emt 0:00:49] Prevents Bd3.} Qc7 19. Nd4 a5 20. Bc3 Qxc5 21. b4 axb4 22. axb4 Qg5 23. Nf3 Qh5 24. c5 Rxa1 25. Bxa1 Ra8 26. Qf2 (26. Bb2 $15) 26... e5 27. Bb2 f6 28. Qe2 {[%emt 0:03:13] aiming for Qc4+.} Qf7 {[%emt 0:05:18] Against Qc4} 29. Nd2 Bd5 30. Ra1 Rd8 31. Ra7 Bc6 32. e4 Bf8 33. Bc3 h6 34. h3 Qd7 35. Kf2 (35. Ra5 $17) 35... Kh7 (35... Bb5 $19 36. Qd1 Ba6 37. Rxa6 bxa6) 36. Ra1 (36. Nc4 $17) 36... Qe6 (36... b6 $19 {has better winning chances.} 37. Nb3 (37. cxb6 $2 Bxb4 38. Ra7 Bc5+ 39. Kf1 Bb5 $19) 37... Bb5) 37. Kg1 Qd7 (37... Be7 $17 38. Ra5 f5) 38. Qe3 (38. Kf2 $1 $11 {remains equal.}) 38... Bb5 $17 39. Rc1 Qe6 40. Qf2 Rd3 (40... g6 $142 41. Nf1 h5) 41. Kh2 ({White must play} 41. Nf1) 41... g6 {[%emt 0:13:00] Black is more active.} (41... Qa2 $17 {Threatens to win with ...Qa3.} 42. Qe1 Qf7) 42. Nb1 $15 Bc6 43. Qf1 $1 Bb5 ({Worse is} 43... Bxe4 44. Nd2 Bf5 45. g4 $17) 44. Qf2 Bg7 $36 {[%emt 0:01:09][%mdl 2048] Keeping White busy.} 45. Na3 Bc6 46. Qe2 Qd7 {[%emt 0:00:00] ...h5 is the strong threat.} 47. Rc2 {[%emt 0:06:57] [#]} (47. b5 $15 Bxb5 48. Nxb5 Qxb5 49. Rc2) 47... f5 $1 $19 48. exf5 $2 (48. Nc4) 48... Qxf5 49. Qg4 (49. Qe1 $142 Bxg2 50. Rxg2 Qxh3+ 51. Kg1) 49... Qf1 {[%emt 0:04:42] Hoping for ...Rd1.} 50. Nc4 h5 (50... Rd1 $142 {( -> ...Qg1+)} 51. Kg3 h5) 51. Qg5 Bf6 (51... Bh6 $142 52. Ne3 Rxe3 53. Qe7+ Bg7 54. Qg5 Qd3 55. Bd2 Re2 56. Rc3 Qxd2 57. Qxd2 Rxd2 58. Kg1 Rxg2+ 59. Kf1 Rb2 60. Ke1 e4 61. Ra3 Bd4 62. Kd1 e3 63. Rd3 Bf3+ 64. Kc1 {[#]} Be4 $1 65. Rxe3 Rc2+ 66. Kb1 Bxe3 67. Ka1 Re2 68. h4 Bd4#) 52. Qc1 Rd1 {[%emt 0:00:56] Weighted Error Value: White=0.69/Black=0.39} 0-1

[Event "81st Italian Championship 2022"]
[Site "Cagliari"]
[Date "2022.11.21"]
[Round "9.6"]
[White "Dvirnyy, Danyyil"]
[Black "Lodici, Lorenzo"]
[Result "1-0"]
[ECO "C50"]
[WhiteElo "2514"]
[BlackElo "2536"]
[Annotator "TA"]
[PlyCount "113"]
[EventDate "2022.11.12"]
[EventType "tourn"]
[EventCountry "ITA"]
[SourceTitle "playchess.com"]
[Source "ChessBase"]
[SourceQuality "1"]
[TimeControl "40/6000+30:20/3000:900+30"]

1. e4 e5 2. Nf3 Nc6 3. Nc3 Nf6 4. Bb5 Bd6 5. d3 h6 6. a3 a6 7. Bc4 Bc5 8. Be3 {[%emt 0:01:56] C50: Hungarian Defence and Giuoco Pianissimo.} d6 9. d4 exd4 10. Nxd4 {[%emt 0:00:06] [#] The position is equal.} Bxd4 $146 (10... Ne5 $5 11. Be2 O-O $11) ({Predecessor:} 10... Nxd4 11. Bxd4 Qe7 12. O-O Bxd4 13. Qxd4 Qe5 14. Qxe5+ dxe5 15. f4 O-O 16. Nd5 Nxd5 17. exd5 b5 {1-0 (50) Book,E-Skold,K Stockholm 1946}) 11. Bxd4 Be6 12. Be2 O-O 13. Be3 d5 14. exd5 Nxd5 (14... Bxd5 {keeps more tension.} 15. O-O Re8 16. Re1 Be6) 15. Nxd5 Qxd5 (15... Bxd5 {seems wilder.} 16. Qd3 Re8 17. O-O-O Bxg2 18. Rhg1 Qxd3 19. Rxd3 Be4) 16. Qxd5 Bxd5 17. f3 Rad8 18. Kf2 Be6 19. Rhd1 Bf5 20. Rxd8 Rxd8 21. Rc1 Ne5 22. Rd1 Rxd1 23. Bxd1 $14 {[%emt 0:00:04][%mdl 4096] Endgame KBB-KBN} f6 24. b3 g5 25. Bd4 Kf7 26. Ke3 Ke7 27. Bc3 b6 28. Be1 a5 29. g4 Bd7 30. Bg3 c5 31. h3 Bb5 (31... a4 $11 {remains equal.}) 32. f4 Nd7 {[%emt 0:00:31] Loses the game.} (32... Nc6 $16 {might work better.}) 33. c4 $18 Ba6 {[%emt 0:01:58][%cal Oa5a4] [#]} 34. a4 $1 Nf8 35. fxg5 (35. f5 $142) 35... hxg5 $2 {[%emt 0:00:02] [#]} (35... fxg5 {keeps fighting.} 36. Bc7 Nd7) 36. Bc7 $1 Nd7 37. Bf3 Bc8 38. Bd5 Ba6 39. Bg2 Bc8 40. Bh1 Kf7 41. Bd5+ Ke7 42. Ke4 Ba6 43. Kf5 {[%emt 0:00:00] Threatens to win with Ba8.} Bc8 $2 (43... Nf8 44. Bxb6 Bc8+ 45. Ke4 f5+ 46. Ke3 (46. gxf5 Nd7 $16) 46... Nd7) 44. Be6 {[%emt 0:00:00] This bishop pair is nice.} Bb7 (44... Ke8 $142 45. Bd5 Ke7) 45. Bxd7 Kxd7 46. Bxb6 {[%emt 0:00:00] KB-KB} Bg2 47. Bxc5 Kc6 48. Be7 Kb6 49. Kxf6 Bxh3 50. Kxg5 {[%emt 0:00:00] Strongly threatening Bd8+.} Bf1 51. Kf6 {[%emt 0:00:00] White mates.} Bd3 52. g5 Bc2 53. b4 axb4 54. Bxb4 Bxa4 55. g6 Bb3 56. c5+ Kc6 57. Ke7 {[%emt 0:00:00] Weighted Error Value: White=0.15 (very precise) /Black=0.42} 1-0

[Event "81st Italian Championship 2022"]
[Site "Cagliari"]
[Date "2022.11.22"]
[Round "10.1"]
[White "Barp, Alberto"]
[Black "Lodici, Lorenzo"]
[Result "1/2-1/2"]
[WhiteElo "2412"]
[BlackElo "2536"]
[Annotator "TA"]
[PlyCount "34"]
[EventDate "2022.11.12"]
[EventType "tourn"]
[EventCountry "ITA"]
[SourceTitle "playchess.com"]
[Source "ChessBase"]
[SourceQuality "1"]
[TimeControl "40/6000+30:20/3000:900+30"]

1. d4 Nf6 2. c4 e6 3. g3 c5 4. d5 exd5 5. cxd5 b5 6. Bg2 d6 7. e4 g6 8. Ne2 Bg7 9. O-O O-O 10. a4 {[%emt 0:00:17] [#] A60: Modern Benoni: Early Divergences.} (10. e5 $11 {is more appropriate.} dxe5 11. d6) {Predecessor:} 10... Re8 $146 11. axb5 Nxe4 12. Ra4 Bf5 13. Nbc3 Nxc3 14. Nxc3 Nd7 15. Ra6 Nb6 16. Bf4 Bc8 17. Ra2 a6 {0-1 (28) Tarini,G (2164)-Iniyan,P (2506) Chess.com INT 2020} 1/2-1/2

[Event "81st Italian Championship 2022"]
[Site "Cagliari"]
[Date "2022.11.22"]
[Round "10.3"]
[White "Lettieri, Giuseppe"]
[Black "Di Benedetto, Edoardo"]
[Result "1/2-1/2"]
[ECO "C07"]
[WhiteElo "2427"]
[BlackElo "2378"]
[Annotator "TA"]
[PlyCount "79"]
[EventDate "2022.11.12"]
[EventType "tourn"]
[EventCountry "ITA"]
[SourceTitle "playchess.com"]
[Source "ChessBase"]
[SourceQuality "1"]
[TimeControl "40/6000+30:20/3000:900+30"]

1. e4 e6 2. d4 d5 3. Nd2 c5 4. exd5 Qxd5 5. Ngf3 cxd4 6. Bc4 Qd7 {[%emt 0:00:21] C07: French Tarrasch: 3...c5, 4 Ngf3 and 4 exd5 Qxd5.} 7. O-O {[%emt 0:00:46][%mdl 1024] White has compensation.} Nc6 8. Nb3 a6 9. a4 Nf6 10. Qe2 Qc7 11. Rd1 Bd7 12. Nbxd4 Nxd4 13. Rxd4 ({Reject} 13. Nxd4 Bd6 $11) 13... Bc5 14. Bf4 Qb6 (14... Qc8 $14) 15. a5 $1 $16 {[%emt 0:14:38] [#]} Qa7 $146 {[%emt 0:04:07] [#]} (15... Qc6 $16 {is a better defense.}) ({Predecessor:} 15... Qxb2 16. Rdd1 Rc8 17. Ne5 Bb5 18. Bxb5+ Qxb5 19. c4 Qb3 20. Rd3 Qb4 21. Qa2 Ne4 {1-0 (55) Cuartas,J (2356)-Ramirez,C (2289) Medellin 2001}) 16. Rd3 $2 (16. Rxd7 $1 $18 {[%mdl 512] and the rest is easy.} Nxd7 17. Bxe6 $1 Bxf2+ 18. Kh1) 16... O-O 17. Ne5 Bb5 18. Bxb5 {[%emt 0:04:22] White is much more active.} axb5 19. Rg3 (19. Bg5 $5 Nd5 20. Rh3 $14) 19... Rfd8 (19... Rad8 $11 {remains equal.}) 20. Nd3 (20. Qf3 $16 {[%cal Og3g7] Rxg7+! would kill now.} Bxf2+ 21. Qxf2 Qxf2+ 22. Kxf2) 20... Rd5 $11 21. c3 Rad8 22. Be5 Ne8 23. b4 Bd6 24. Bxd6 R8xd6 25. h3 Nc7 26. Nc5 Rd8 $1 27. Qg4 (27. Ne4 $14 Ne8 28. Rg5) 27... g6 28. Qh4 Ne8 (28... Rd1+ $14 29. Kh2 Qb8 30. Rxd1 Rxd1) 29. Qe7 $18 {[%emt 0:00:25][%cal Oc5e6] Strongly threatening Nxe6!} Qb8 30. Re1 ({Avoid the trap} 30. Nxb7 $2 R8d7 31. Qh4 Qxb7 $19) ({White has to play} 30. Qxb7 $18 Rd1+ 31. Rxd1 Rxd1+ 32. Kh2 Qxb7 33. Nxb7) 30... Nd6 {[%emt 0:02:48] ...Nf5 is the strong threat.} 31. Rg4 ({Wrong is} 31. Nd7 $2 {[#]} Rxd7 $1 32. Qxd7 Nf5 33. Qxd5 exd5 $19) 31... Re8 32. Qf6 Qc7 33. Rd4 (33. Rg5 $14) 33... Rf5 $1 $11 {[%emt 0:01:25] The position is equal.} 34. Qh4 {[%emt 0:00:07] Black must now prevent g4.} Rxc5 35. bxc5 Nf5 36. Qf4 e5 37. Qc1 {[%emt 0:01:25] Threatens to win with Rd5.} Nxd4 38. cxd4 Qxa5 39. dxe5 b4 40. Qe3 {[%emt 0:03:05] Weighted Error Value: White=0.26 (precise) /Black=0.25 (precise)} 1/2-1/2

[Event "81st Italian Championship 2022"]
[Site "Cagliari"]
[Date "2022.11.22"]
[Round "10.5"]
[White "Godena, Michele"]
[Black "David, Alberto"]
[Result "1/2-1/2"]
[WhiteElo "2463"]
[BlackElo "2517"]
[Annotator "TA"]
[PlyCount "35"]
[EventDate "2022.11.12"]
[EventType "tourn"]
[EventCountry "ITA"]
[SourceTitle "playchess.com"]
[Source "ChessBase"]
[SourceQuality "1"]
[TimeControl "40/6000+30:20/3000:900+30"]

1. e4 c5 2. c3 Nf6 3. e5 Nd5 4. Nf3 e6 5. Bc4 d6 6. d4 cxd4 7. cxd4 Be7 8. O-O {[%emt 0:00:15] B22: Sicilian: 2 c3.} O-O 9. Qe2 {[%emt 0:00:51] [#] A rather calm draw.} {Predecessor:} dxe5 $146 10. dxe5 b6 11. Rd1 Bb7 12. Bxd5 exd5 13. Nc3 Qd7 14. Bf4 Na6 15. Nxd5 Bxd5 16. Qxa6 Rfd8 17. Bg3 h5 18. h4 {0-1 (32) Xiong,J (2688)-Fedoseev,V (2701) Chess.com INT 2022} 1/2-1/2

[Event "81st Italian Championship 2022"]
[Site "Cagliari"]
[Date "2022.11.22"]
[Round "10.6"]
[White "Brunello, Sabino"]
[Black "Basso, Pier Luigi"]
[Result "1-0"]
[ECO "A90"]
[WhiteElo "2518"]
[BlackElo "2503"]
[Annotator "TA"]
[PlyCount "231"]
[EventDate "2022.11.12"]
[EventType "tourn"]
[EventCountry "ITA"]
[SourceTitle "playchess.com"]
[Source "ChessBase"]
[SourceQuality "1"]
[TimeControl "40/6000+30:20/3000:900+30"]

1. d4 d5 2. c4 e6 3. Nf3 c6 4. Nbd2 f5 5. g3 Nf6 6. Bg2 Bd6 7. b3 O-O 8. Bb2 b6 9. O-O Bb7 10. Ne5 Nbd7 11. Ndf3 Qe7 12. Rc1 Rac8 13. Qd3 Rfd8 14. Rfd1 Ne4 15. Nxd7 Qxd7 16. Qb1 Qe7 17. Ne1 g6 18. Nd3 h5 19. f3 Nf6 20. c5 (20. e4 $14 dxe4 21. fxe4 (21. Ne5 c5 $17) 21... Nxe4 22. c5) 20... Bb8 21. e4 h4 (21... fxe4 22. fxe4 Nxe4 23. Bxe4 (23. Nf2 Nxf2 24. Qxg6+ Qg7 $14) 23... dxe4 24. Nf2 $11) (21... dxe4 $11 22. fxe4 h4) 22. e5 $14 Nh5 ({Better is} 22... Nd7 $14) 23. g4 $16 Ng7 24. Nf2 Ba6 (24... Rd7 $16) 25. Rc2 $18 bxc5 26. Ba3 (26. dxc5 $6 Qg5 $14) (26. Rxc5 {[#]} Bxe5 $1 27. Rc2 (27. Ra5 $2 Bxh2+ 28. Kh1 Bf1 $19) 27... Bf4 $15) 26... h3 27. Bxc5 Qh4 28. Bxh3 Bc7 29. Qc1 {[%emt 0:03:57] Black must now prevent Qa3.} Rd7 30. Bf1 Bxf1 31. Rxf1 (31. Kxf1 Qxh2 32. Qg5 fxg4 $14) 31... Bd8 (31... Rf7 $16 {might work better.} 32. Rc3 Ba5) 32. Nd3 fxg4 $2 (32... Rf7 33. Rg2 g5) 33. fxg4 Bg5 34. Qe1 Qxg4+ 35. Rg2 Qh5 36. Qg3 Bh6 37. Qxg6 Qxg6 38. Rxg6 Kh7 39. Rff6 Nf5 40. Kf1 Rf7 41. Rxf7+ Kxg6 42. Rf6+ (42. Rxa7 Be3 $11) 42... Kh5 43. Rxe6 Be3 44. Rf6 ({Not} 44. Bxa7 Kg5 $18) 44... Kg5 45. Ke2 Bxd4 {[%emt 0:00:38] [#]} 46. Rxf5+ $1 Kxf5 47. Bxd4 Rh8 48. Nf2 (48. Bxa7 Ra8 $18) (48. h4 $142) 48... Rxh2 $2 (48... Rc8 {was called for.} 49. Nd3 (49. Bxa7 Ra8 $16) 49... Rh8) 49. Bxa7 Rh4 {[%emt 0:00:00] Prevents Bd4.} 50. Nd3 {[%emt 0:02:28] Bf2 is the strong threat.} d4 $2 (50... Rh2+ 51. Bf2 c5 52. Nxc5 Kxe5) 51. Bb8 Rh2+ 52. Nf2 Ke6 53. Bd6 Kd5 54. a4 c5 55. a5 d3+ 56. Ke3 {[%emt 0:00:00] aiming for a6.} d2 57. Nd1 {[%emt 0:00:00] And now a6 would win.} Rh3+ 58. Kxd2 {[%emt 0:00:49] Strongly threatening a6.} Rxb3 59. Nc3+ Kc6 60. Ne4 {[%emt 0:00:00] Hoping for a6.} Ra3 61. e6 Rxa5 62. Bf8 Ra2+ 63. Ke3 Ra3+ 64. Kf4 Kd5 65. e7 Ra8 {[%emt 0:00:05] [#]} 66. Nd6 $1 Kd4 (66... Ke6 67. Kg5) 67. e8=Q Rxe8 68. Nxe8 c4 69. Ba3 c3 70. Nd6 c2 71. Bc1 Kd3 72. Kf3 Kd4 73. Ne4 Kd3 74. Nf2+ Kd4 75. Ke2 Kc4 76. Kd2 Kc5 77. Kd3 Kd5 78. Ng4 Kc5 79. Ne3 Kb4 80. Nd5+ Kc5 81. Nf4 Kb5 82. Nh3 Kc5 83. Ng1 Kd5 84. Ne2 Kc5 85. Nc3 Kd6 86. Kxc2 Kc5 87. Kd3 Kc6 88. Kd4 Kd6 89. Bf4+ Kc6 90. Kc4 Kb6 91. Kd5 Kb7 92. Kd6 Kb6 93. Be3+ Kb7 94. Kd7 Ka8 95. Kc6 Kb8 96. Nd5 Ka8 97. Nc7+ Kb8 98. Bd4 Kc8 99. Ba7 Kd8 100. Nd5 Ke8 101. Kd6 Kf7 102. Ne7 Kf6 103. Be3 Kf7 104. Bd4 Ke8 105. Ke6 Kd8 106. Bb6+ Ke8 107. Nf5 Kf8 108. Ba5 Ke8 109. Ng7+ Kf8 110. Kf6 Kg8 111. Kg6 Kf8 112. Bb4+ Kg8 113. Nf5 Kh8 114. Bc5 Kg8 115. Nh6+ Kh8 116. Bd4# 1-0

[Event "81st Italian Championship 2022"]
[Site "Cagliari"]
[Date "2022.11.23"]
[Round "11.1"]
[White "Basso, Pier Luigi"]
[Black "Barp, Alberto"]
[Result "1/2-1/2"]
[WhiteElo "2503"]
[BlackElo "2412"]
[Annotator "TA"]
[PlyCount "38"]
[EventDate "2022.11.12"]
[EventType "tourn"]
[EventCountry "ITA"]
[SourceTitle "playchess.com"]
[Source "ChessBase"]
[SourceQuality "1"]
[TimeControl "40/6000+30:20/3000:900+30"]

1. Nf3 d5 2. g3 Nf6 3. Bg2 c6 4. O-O Bf5 5. b3 h6 6. Bb2 Nbd7 7. d3 e6 8. Nbd2 Be7 9. c4 {[%emt 0:00:03] 9.Re1 is a critical line.} O-O 10. Re1 {[%emt 0:00:02] [#]} {Predecessor:} Bh7 $146 {A12: English Opening: 1...c6 with b3 by White.} 11. Qc2 Re8 12. Rad1 Bf8 13. e4 dxe4 14. Nxe4 Nxe4 15. dxe4 Qc7 16. Qc3 a5 17. a3 Nc5 18. Ne5 Rad8 19. Rxd8 Rxd8 {0-1 (38) Lagarde,M (2625)-Jobava,B (2582) Chess.com INT 2021} 1/2-1/2

[Event "81st Italian Championship 2022"]
[Site "Cagliari"]
[Date "2022.11.23"]
[Round "11.2"]
[White "David, Alberto"]
[Black "Brunello, Sabino"]
[Result "1/2-1/2"]
[ECO "C83"]
[WhiteElo "2517"]
[BlackElo "2518"]
[Annotator "TA"]
[PlyCount "45"]
[EventDate "2022.11.12"]
[EventType "tourn"]
[EventCountry "ITA"]
[SourceTitle "playchess.com"]
[Source "ChessBase"]
[SourceQuality "1"]
[TimeControl "40/6000+30:20/3000:900+30"]

1. e4 e5 2. Nf3 Nc6 3. Bb5 a6 4. Ba4 Nf6 5. O-O Nxe4 6. d4 b5 7. Bb3 d5 8. dxe5 Be6 9. c3 Be7 10. Nbd2 Nc5 11. Bc2 d4 12. Nb3 {[%emt 0:00:50][%cal Rf3d4] C83: Open Ruy Lopez: 9 c3 Be7.} dxc3 {[%emt 0:00:22] [#] Hoping for ...Qxd1. White is slightly better.} 13. Nxc5 Bxc5 14. Be4 Qd7 15. Bg5 $1 {[%emt 0:00:26][%mdl 1024] Strongly threatening Qc2. White has compensation.} h6 {[%emt 0:05:06] [#]} ({Much worse is} 15... cxb2 16. Rb1 Rb8 17. Qc2 $11) 16. Qc2 $1 hxg5 {[%emt 0:16:27] [#] Black got outplayed after the opening.   Weighted Error Value: White=0.00 (flawless) /Black=0.01 (flawless)} {Predecessor:} 17. Rad1 $146 Nb4 18. Qxc3 Bxf2+ 19. Kxf2 Nd5 20. Qc5 c6 21. Nxg5 Rh5 22. Nf3 Qa7 23. Rc1 {0-1 (62) Navara,D (2700)-Abdusattorov,N (2651) Belgrade 2022} 1/2-1/2